 Dungeon Sprint DCSS version 0.19.1 (webtiles) character file.

213 equalderp2856 the Gouger (level 5, 0/28 HPs)
             Began as a Felid Fighter on Nov 28, 2016.
             Was a Follower of Nemelex Xobeh.
             Slain by Erica
             ... wielding a +3 scimitar of flaming
              (8 damage)
             ... in the Dungeon (Sprint IX: "|||||||||||||||||||||||||||||").
             The game lasted 00:02:05 (422 turns).

equalderp2856 the Gouger (Felid Fighter)             Turns: 422, Time: 00:02:07

Health: 0/28       AC:  2    Str: 13    XL:     5   Next: 59%
Magic:  6/6        EV: 29    Int: 10    God:    Nemelex Xobeh [*.....]
Gold:   0          SH:  0    Dex: 19    Spells: 0 memorised, 4 levels left
                                        Lives:  0   Deaths: 1

rFire  . . .     SeeInvis +       - Unarmed
rCold  . . .     Gourm    .     (armour unavailable)
rNeg   . . .     Faith    .     (shield unavailable)
rPois  .         Spirit   .     (helmet unavailable)
rElec  .         Reflect  .     (cloak unavailable)
rCorr  .         Harm     .     (gloves unavailable)
MR     .....     NoTele   +     (boots unavailable)
Stlth  +++.......               (no amulet)
                                o - +2 ring of evasion
                                n - +3 ring of dexterity

@: lethally poisoned (0 -> -13), quick
A: no armour, no weapons or thrown items, stealth, claws 1, fangs 3, see
invisible, carnivore 3, speed 1, shaggy fur 2, slow metabolism 1, sharp paws
a: Renounce Religion


You were in the Dungeon.
You worshipped Nemelex Xobeh.
Nemelex Xobeh was aware of your devotion.
You were not hungry.

You visited 1 branch

Inventory:

Jewellery
 n - a +3 ring of dexterity (left paw)
 o - a +2 ring of evasion (right paw)
Wands
 m - a wand of acid (7/15)
Scrolls
 h - 2 scrolls of blinking
 k - 3 scrolls of remove curse
 l - 2 scrolls of amnesia
Potions
 a - a potion of might
 c - 5 potions of curing
 d - a potion of heal wounds
 e - a potion of haste
 f - 4 potions of magic
 g - a potion of berserk rage
 j - a potion of invisibility
Comestibles
 b - a meat ration


   Skills:
 + Level 6.4 Fighting
 + Level 9.9 Dodging
 + Level 2.8 Stealth
 + Level 11.4 Unarmed Combat
 + Level 0.4 Invocations


You had 4 spell levels left.
You didn't know any spells.

Dungeon Overview and Level Annotations

Branches:
Dungeon (1/1)

Altars:
Cheibriados
Dithmenos
Elyvilon
Fedhas
Gozag
Hepliaklqana
Kikubaaqudgha
Makhleb
Nemelex Xobeh
Okawaru
Qazlal
Ru
Sif Muna
Trog
Uskayaw
Vehumet
Xom
Yredelemnul
Zin
The Shining One
Beogh
Jiyva
Lugonu

Annotations:
D Erica


Innate Abilities, Weirdness & Mutations

You cannot wear armour.
You are incapable of wielding weapons or throwing items.
Your paws allow you to move quietly. (Stealth)
You have sharp claws.
You have razor-sharp teeth.
You have supernaturally acute eyesight. (SInv)
You are carnivorous and can eat meat at any time.
You cover ground quickly.
You are covered in thick fur. (AC +2)
You have a slow metabolism.
Your sharp claws are effective at attacking unaware monsters.


Message History

Erica burns you!
* * * LOW HITPOINT WARNING * * *
You feel much better.
You claw Erica! Your claw misses Erica.
Erica is lightly wounded.
Erica completely misses you.
You barely miss Erica.
Erica is lightly wounded.
Erica says, "Fast and perfect.
Such is my way of killing."
Erica casts a spell at you. The bolt of poison hits you!
You are poisoned.
Ouch! That really hurt!
You feel much better.
You feel sick.
Erica hits you with a scimitar of flaming!!
Ouch! That really hurt!
* * * LOW HITPOINT WARNING * * *
Erica burns you!
You die...
Your body disappears without a glow.

▓.▓.▓
▓p▓
▓.▓.▓
▓.▓
▓.▓.▓
▓.▓
▓.▓.▓
▓'▓
▓.▓.▓
▓[▓
▓.▓.▓
▓.▓
▓+▓.▓
▓.▓
▓.▓
▓.▓
▓@▓
▓.▓
▓@▓
▓)▓
▓.▓
▓_▓
▓.▓
▓_▓
▓.▓
▓_▓
▓.▓
▓_▓
▓.▓
▓_▓
▓.▓
▓_▓
▓_▓


You could see Erica.

Vanquished Creatures
  2 crimson imps (D)
  A hound (D)
  An adder zombie (D)
  An orc (D)
  A hobgoblin (D)
  2 jackals (D)
  A kobold (D)
  2 quokkas (D)
  2 frilled lizards (D)
13 creatures vanquished.

Vanquished Creatures (collateral kills)
  A hill giant (D)
  A wight (D)
  A jelly (D)
  A giant cockroach zombie (D)
4 creatures vanquished.

Grand Total: 17 creatures vanquished

Notes
Turn   | Place    | Note
-------+----------+-------------------------------------------
     0 | D        | equalderp2856 the Felid Fighter began the quest for the Orb.
     0 | D        | Reached XP level 1. HP: 10/10 MP: 2/2
    22 | D        | Noticed a crimson imp
    22 | D        | Noticed a hound
    25 | D        | Reached skill level 5 in Unarmed Combat
    27 | D        | Reached XP level 2. HP: 14/14 MP: 3/3
    47 | D        | Reached skill level 5 in Dodging
    47 | D        | Reached skill level 6 in Unarmed Combat
    47 | D        | Reached XP level 3. HP: 11/18 MP: 4/4
    55 | D        | Reached skill level 1 in Stealth
    55 | D        | Reached skill level 7 in Unarmed Combat
    55 | D        | Reached XP level 4. HP: 10/22 MP: 5/5
   226 | D        | Found a roughly hewn altar of Beogh.
   226 | D        | Found a snail-covered altar of Cheibriados.
   226 | D        | Found a shadowy altar of Dithmenos.
   226 | D        | Found a white marble altar of Elyvilon.
   226 | D        | Found a blossoming altar of Fedhas.
   226 | D        | Found an opulent altar of Gozag.
   227 | D        | Found a hazy altar of Hepliaklqana.
   228 | D        | Found a viscous altar of Jiyva.
   229 | D        | Found an ancient bone altar of Kikubaaqudgha.
   230 | D        | Found a corrupted altar of Lugonu.
   231 | D        | Found a burning altar of Makhleb.
   232 | D        | Found a sparkling altar of Nemelex Xobeh.
   233 | D        | Found an iron altar of Okawaru.
   234 | D        | Found a stormy altar of Qazlal.
   235 | D        | Found a sacrificial altar of Ru.
   236 | D        | Found a deep blue altar of Sif Muna.
   237 | D        | Found a bloodstained altar of Trog.
   238 | D        | Found a hide-covered altar of Uskayaw.
   239 | D        | Found a radiant altar of Vehumet.
   240 | D        | Became a worshipper of Nemelex Xobeh the Trickster
   243 | D        | Found a shimmering altar of Xom.
   243 | D        | Received a gift from Nemelex Xobeh
   247 | D        | Found a basalt altar of Yredelemnul.
   248 | D        | Found a glowing silver altar of Zin.
   249 | D        | Found a glowing golden altar of the Shining One.
   285 | D        | Reached skill level 8 in Unarmed Combat
   288 | D        | Reached skill level 5 in Fighting
   288 | D        | Reached XP level 5. HP: 22/26 MP: 6/6
   289 | D        | Reached skill level 9 in Unarmed Combat
   303 | D        | Noticed a hill giant
   303 | D        | Noticed a death knight
   303 | D        | Noticed an ogre
   303 | D        | Noticed a hornet
   303 | D        | Noticed a cyclops
   303 | D        | Noticed a centaur
   375 | D        | Killed a hill giant
   375 | D        | Reached skill level 11 in Unarmed Combat
   375 | D        | Gained mutation: You are covered in thick fur. (AC +2) [Felid growth]
   375 | D        | Reached XP level 6. HP: 23/31 MP: 7/7
   394 | D        | Demolished by a death knight
   395 | D        | Reached XP level 5. HP: -16/28 MP: 6/6
   395 | D        | Reached * piety under Nemelex Xobeh
   413 | D        | Noticed Erica
   422 | D        | Slain by Erica

Skill      XL: |  1  2  3  4  5 |
---------------+----------------+-----
Unarmed Combat | 5 6 7 8 11 | 11.4
Fighting       | 4 5 6 |  6.4
Dodging        | 5 6 7 9 |  9.9
Stealth        | 1 2 |  2.8
Invocations    | |  0.4

Action                   |  1- 3 |  4- 6 || total
-------------------------+-------+-------++-------
Melee: Unarmed           |    41 |    13 ||    54
       Bite              |     4 |     2 ||     6
Evoke: Deck              |       |     4 ||     4
  Use: Potion            |       |     2 ||     2
Armor: Skin              |     1 |     1 ||     2
Dodge: Dodged            |    32 |     7 ||    39
